 Dungeon Crawl Stone Soup version 0.29-a0-330-g52719c12eb (webtiles) character file.

Game seed: 11996409597552086035

2546 bande the Cleaver (level 9, -6/55 HPs)
             Began as a Gargoyle Fighter on Apr 13, 2022.
             Was a Follower of Okawaru.
             Mangled by a vampire mosquito (9 damage)
             ... on level 7 of the Dungeon.
             The game lasted 00:15:27 (8494 turns).

bande the Cleaver (Gargoyle Fighter)                Turns: 8494, Time: 00:15:28

Health: -6/55      AC: 19    Str: 19    XL:     9   Next: 55%
Magic:  11/11      EV:  7    Int: 10    God:    Okawaru [*.....]
Gold:   1541       SH:  5    Dex: 13    Spells: 8/8 levels left

rFire   + . .      SeeInvis .   a - +1 war axe
rCold   . . .      Faith    .   c - +0 buckler
rNeg    + . .      Spirit   .   s - +0 chain mail
rPois   ∞          Reflect  .   (no helmet)
rElec   +          Harm     .   p - scarf {repulsion}
rCorr   .          Rampage  .   n - +1 pair of gloves
Will    +....                   (no boots)
Stlth   ..........              (no amulet)
HPRegen 0.18/turn               m - ring of willpower
MPRegen 0.12/turn               (no ring)

@: mighty, repel missiles
A: sickness immunity, AC +6, negative energy resistance 1, electricity
resistance, torment resistance 1, petrification resistance, fire resistance 1,
wild magic 1, MP-powered wands
a: Renounce Religion, Heroism


You were on level 7 of the Dungeon.
You worshipped Okawaru.
Okawaru was aware of your devotion.
You visited 2 branches of the dungeon, and saw 8 of its levels.

You collected 1541 gold pieces.

Inventory:

Hand Weapons
 a - a +1 war axe (weapon)
 e - a +0 flail
 q - a +0 war axe
Armour
 c - a +0 buckler (worn)
 n - a +1 pair of gloves (worn)
 p - a scarf of repulsion (worn)
 s - a +0 chain mail (worn)
Jewellery
 m - a ring of willpower (left hand)
 o - a +6 ring of intelligence
 A - a ring of wizardry
 B - an amulet of regeneration
Scrolls
 b - 2 scrolls of blinking
 g - 2 scrolls of enchant weapon
 i - 2 scrolls of holy word
 k - 4 scrolls of teleportation
 x - 3 scrolls of fear
Potions
 f - 3 potions of haste
 h - a potion of cancellation
 j - 3 potions of curing
 l - a potion of magic
 r - 4 potions of heal wounds {unknown}
 t - a potion of brilliance
 u - 3 potions of ambrosia {unknown}
 v - a potion of invisibility {unknown}
 w - a potion of berserk rage {unknown}
 z - a potion of mutation


   Skills:
 + Level 5.8 Fighting
 + Level 8.2 Axes
 + Level 7.4 Armour
 - Level 1.1 Stealth
 + Level 5.6 Shields
 * Level 2.7 Invocations


You had 8 spell levels left.
You didn't know any spells.
Your spell library contained the following spells:

 Spells                   Type           Power      Damage    Failure   Level
 Apportation              Tloc           0%         N/A       99%         1
 Portal Projectile        Hex/Tloc       0%         N/A       100%        3
 Leda's Liquefaction      Hex/Erth       0%         N/A       100%        4
 Conjure Ball Lightning   Conj/Air       0%         3x3d6     100%        6
 Discord                  Hex            0%         N/A       100%        8
 Disjunction              Tloc           0%         N/A       100%        8
 Animate Skeleton         Necr           Unusable   N/A       N/A         1
 Summon Small Mammal      Summ           Unusable   N/A       N/A         1
 Call Canine Familiar     Summ           Unusable   N/A       N/A         3

Dungeon Overview and Level Annotations

Branches:
Dungeon (7/15)             Temple (1/1) D:7

Altars:
Fedhas
Gozag
Hepliaklqana
Kikubaaqudgha
Makhleb
Nemelex Xobeh
Okawaru
Qazlal
Ru
Sif Muna
Trog
Uskayaw
Vehumet
Wu Jian
Xom
Yredelemnul

Shops:
D:2 :   D:4 [


Innate Abilities, Weirdness & Mutations

You are immune to sickness and miasma.
Your stone body is resilient. (AC +6)
You are immune to poison.
You resist negative energy. (rN+)
You are resistant to electric shocks. (rElec)
You are resistant to unholy torment.
You are immune to petrification.
Your flesh is heat resistant. (rF+)
Your spells are a little harder to cast, but a little more powerful.
You expend magic power (3 MP) to strengthen your wands.


Message History

You closely miss the vampire mosquito.
The vampire mosquito is lightly damaged.
The vampire mosquito bites you.
* * * LOW HITPOINT WARNING * * *
The vampire mosquito bites you.
* * * LOW HITPOINT WARNING * * *
The vampire mosquito bites you but does no damage.
You feel better.
The vampire mosquito bites you but does no damage.
You block the vampire mosquito's attack.
You hit the vampire mosquito.
The vampire mosquito is lightly damaged.
The vampire mosquito bites you but does no damage.
The vampire mosquito bites you.
* * * LOW HITPOINT WARNING * * *
You completely miss the vampire mosquito.
The vampire mosquito is lightly damaged.
The vampire mosquito bites you but does no damage.
You block the vampire mosquito's attack.
You barely miss the vampire mosquito.
The vampire mosquito is lightly damaged.
The vampire mosquito bites you but does no damage.
You block the vampire mosquito's attack.
You feel very mighty all of a sudden. The vampire mosquito bites you!
* * * LOW HITPOINT WARNING * * *
You closely miss the vampire mosquito.
The vampire mosquito is lightly damaged.
The vampire mosquito bites you.
* * * LOW HITPOINT WARNING * * *
You block the vampire mosquito's attack.
The vampire mosquito bites you but does no damage.
You miss the vampire mosquito.
The vampire mosquito is lightly damaged.
The vampire mosquito bites you but does no damage.
The vampire mosquito closely misses you.
You hit the vampire mosquito.
The vampire mosquito is moderately damaged.
The vampire mosquito bites you!
You die...

.)...#..........#
#.......
..>..##....####.#
##.#..... ........#..#
#.### #..####.#
#...###....# #...# #.##
##.# #.###....#. ###.#
#.# #..# #.#....#.#..#
#.# ##.# #.## ......#
.... #.#### #..# #.#
.#....#
##.#..##....###.#####.##
......#
......y@..........##...#
#....#
......#####............#
....# .....
#......##....# ....#
.... #......###.).# ...#
... #......# #)).# ..#
.. ######## #...# .
#...# #[..# #...#


You could see a vampire mosquito.

Vanquished Creatures
  A wyvern (D:7)
  2 vampire mosquitoes (D:7)
  A steam dragon (D:5)
  3 ice beasts
  2 black bears
  2 orc warriors
  2 ogres
  A centaur (D:6)
  A kobold brigand (D:6)
  A gnoll sergeant (D:6)
  A bullfrog (Temple)
  2 scorpions
  3 killer bees (Temple)
  A howler monkey (D:6)
  3 hounds
  2 orc priests (D:4)
  2 jellies
  An iguana (D:5)
  Jessica (D:3)
  A gnoll shaman (D:4)
  4 orc wizards
  9 gnolls
  7 adders
  3 white imps
  An ufetubus (D:4)
  A worm (D:2)
  3 dart slugs
  14 orcs
  6 ball pythons
  4 endoplasms
  4 giant cockroaches
  2 goblins (D:2)
  7 hobgoblins
  3 jackals (D:3)
  2 quokkas
  8 bats
  2 frilled lizards
  5 kobolds
  6 rats
124 creatures vanquished.

Notes
Turn   | Place    | Note
-------+----------+-------------------------------------------
     0 | D:1      | bande the Gargoyle Fighter began the quest for the Orb.
     0 | D:1      | Reached XP level 1. HP: 14/14 MP: 1/1
   356 | D:1      | Reached skill level 2 in Axes
   356 | D:1      | Reached XP level 2. HP: 19/19 MP: 2/2
  1011 | D:1      | Found a faded altar of an unknown god.
  1421 | D:2      | Reached skill level 1 in Stealth
  1423 | D:2      | Reached XP level 3. HP: 21/23 MP: 3/3
  1625 | D:2      | Identified a scroll of acquirement
  1625 | D:2      | Acquired 1097 gold pieces
  1632 | D:2      | Found Azorhy's Book Shop.
  1771 | D:2      | Reached XP level 4. HP: 29/29 MP: 4/4
  1814 | D:2      | Gained mutation: You expend magic power (3 MP) to
                  | strengthen your wands. [potion of mutation]
  1814 | D:2      | Gained mutation: Your flesh is heat resistant. (rF+)
                  | [potion of mutation]
  1814 | D:2      | Gained mutation: Your spells are a little harder to cast,
                  | but a little more powerful. [potion of mutation]
  2091 | D:3      | Reached skill level 3 in Axes
  2150 | D:3      | Found a stormy altar of Qazlal.
  2559 | D:3      | Noticed Jessica
  2560 | D:3      | Killed Jessica
  2561 | D:3      | Reached XP level 5. HP: 33/33 MP: 5/5
  3046 | D:4      | Found Bauntut's Antique Armour Shop.
  3524 | D:4      | Noticed an orc warrior
  3532 | D:4      | Killed an orc warrior
  3533 | D:4      | Reached skill level 4 in Axes
  3533 | D:4      | Reached XP level 6. HP: 35/38 MP: 6/6
  3953 | D:5      | Entered Level 5 of the Dungeon
  4068 | D:4      | Reached XP level 7. HP: 30/43 MP: 7/7
  4174 | D:5      | Reached skill level 5 in Axes
  4283 | D:5      | Found a hide-covered altar of Uskayaw.
  4288 | D:5      | Found a blossoming altar of Fedhas.
  4304 | D:5      | Reached skill level 5 in Armour
  5031 | D:5      | Noticed a steam dragon
  5048 | D:5      | Killed a steam dragon
  5049 | D:5      | Reached skill level 6 in Axes
  5049 | D:5      | Reached XP level 8. HP: 29/48 MP: 8/8
  6166 | D:6      | Reached skill level 5 in Fighting
  6358 | D:6      | Identified the +2 falchion of Noon {drain, Str+7}
  6393 | D:6      | Reached skill level 7 in Axes
  6714 | D:6      | Reached skill level 5 in Shields
  6858 | D:6      | Found a shimmering blue altar of Sif Muna.
  7024 | D:7      | Found a staircase to the Ecumenical Temple.
  7035 | Temple   | Entered the Ecumenical Temple
  7090 | Temple   | Became a worshipper of Warmaster Okawaru
  7252 | Temple   | Reached XP level 9. HP: 42/54 MP: 9/9
  7444 | Temple   | Reached skill level 1 in Invocations
  7788 | D:7      | Reached skill level 8 in Axes
  8141 | D:7      | Reached * piety under Okawaru
  8492 | D:7      | HP: 2/55 [vampire mosquito (1)]
  8494 | D:7      | Mangled by a vampire mosquito

Illustrated notes

Levels and vault maps discovered:
D:1:      dpeg_cavernosity, layout_basic, shapermc_ecumenical_altar_petra,
          grunt_decor_mini_mirrors, minmay_tetromino_t2
D:2:      layout_basic, serial_shops, nicolae_square_shop,
          amcnicky_mini_rare_corridor_liquid
D:3:      layout_basic, lemuel_coloured_pillars_altar, dk_noncrumbling_2,
          uniq_jessica
D:4:      layout_loops_cross, serial_shops, nicolae_shop_hallway_plus
D:5:      layout_basic, mainiacjoe_overflow_catwalk_spiral
D:6:      layout_gridville, led_sif_book, hangedman_decor_diamond_cutter
D:7:      layout_rooms, minmay_temple_entry_slanted,
          gammafunk_ghost_berserking_beasts
Temple:   regret_index_temple_waves

Skill      XL: |  1  2  3  4  5  6  7  8  9 |
---------------+----------------------------+-----
Axes           | 2 3 4 6 7 8 |  8.2
Stealth        | 1 |  1.1
Fighting       | 4 5 |  5.8
Armour         | 4 5 6 7 |  7.4
Shields        | 4 5 |  5.6
Invocations    | 2 |  2.7

Action                   |  1- 3 |  4- 6 |  7- 9 || total
-------------------------+-------+-------+-------++-------
Melee: War axe           |    71 |   128 |   290 ||   489
  Use: Scroll            |    11 |     5 |     2 ||    18
       Potion            |       |     4 |     2 ||     6
Armor: Scale mail        |    45 |    55 |       ||   100
       Chain mail        |       |    32 |   235 ||   267
Dodge: Dodged            |    40 |    61 |   127 ||   228
Block: Buckler           |    15 |    31 |    79 ||   125

Table legend: (Time is in decaauts)
 A = Elapsed time spent in this place.
 B = Non-inter-level travel time spent in this place.
 C = Inter-level travel time spent in this place.
 D = Time resting spent in this place.
 E = Time spent auto-exploring this place.
 F = Levels seen in this place.
 G = Mean time per level.
                   A        B        C        D        E       F      G
               +--------+--------+--------+--------+--------+-----+--------+
         Total |   8639 |   8375 |    264 |   2152 |   4775 |   8 | 1079.9 |
       Dungeon |   8131 |   7901 |    230 |   1796 |   4733 |   7 | 1161.6 |
        Temple |    507 |    474 |     33 |    356 |     42 |   1 |  507.0 |
               +--------+--------+--------+--------+--------+-----+--------+

Top non-repeatable levels by time:
     D:5: 1698 daAuts
     D:1: 1429 daAuts
     D:4: 1354 daAuts
     D:6: 1138 daAuts
     D:7: 1054 daAuts
     D:3: 847 daAuts
     D:2: 608 daAuts
  Temple: 507 daAuts
